 Dungeon Crawl Stone Soup version 0.28-a0-1038-g9c4cb8273d (webtiles) character file.

Game seed: 3519386786136875767

123 EWolf27 the Sneak (level 4, -3/21 HPs)
             Began as a Spriggan Enchanter on Dec 8, 2021.
             Was an Initiate of Gozag.
             Killed from afar by a white imp (10 damage)
             ... with a puff of frost
             ... on level 4 of the Dungeon.
             The game lasted 00:27:43 (5413 turns).

EWolf27 the Sneak (Spriggan Enchanter)              Turns: 5413, Time: 00:27:44

Health: -3/21      AC:  2    Str:  6    XL:     4   Next: 80%
Magic:  9/10       EV: 17    Int: 16    God:    Gozag
Gold:   83         SH:  0    Dex: 15    Spells: 2/10 levels left

rFire   . . .      SeeInvis +   a - +1 dagger
rCold   . . .      Faith    .   (shield restricted)
rNeg    + . .      Spirit   .   b - +0 robe
rPois   .          Reflect  .   (helmet restricted)
rElec   .          Harm     .   (no cloak)
rCorr   .          Rampage  .   (gloves unavailable)
Will    .....                   (boots unavailable)
Stlth   +++.......              (no amulet)
HPRegen 0.07/turn               q - ring of positive energy
MPRegen 0.12/turn               (no ring)

@: very quick
A: very small, no large weapons, unfitting armour, see invisible, speed 3
a: Renounce Religion, Potion Petition, Call Merchant, Bribe Branch


You were on level 4 of the Dungeon.
You worshipped Gozag.
Gozag was noncommittal.
You visited 2 branches of the dungeon, and saw 6 of its levels.

You collected 108 gold pieces.
You paid 25 gold pieces to Gozag.

Inventory:

Hand Weapons
 a - a +1 dagger (weapon)
Missiles
 m - 6 poisoned darts (quivered)
 n - 2 throwing nets
Armour
 b - a +0 robe (worn)
Jewellery
 q - a ring of positive energy (left hand)
 u - an amulet of reflection
Scrolls
 d - 3 scrolls of teleportation {unknown}
 e - a scroll of acquirement {unknown}
 f - 2 scrolls of magic mapping {unknown}
 g - a scroll of blinking {unknown}
 i - a scroll of immolation {unknown}
 o - a scroll of holy word {unknown}
 p - a scroll of identify {unknown}
 s - a scroll of amnesia {unknown}
 v - a scroll of fear {unknown}
Potions
 c - 2 potions of invisibility
 h - a potion of mutation {unknown}
 j - a potion of cancellation {unknown}
 k - 2 potions of might {unknown}
 l - a potion of curing {unknown}
 r - a potion of degeneration {unknown}
 t - a potion of magic {unknown}


   Skills:
 - Level 1.1 Short Blades
 - Level 2.6 Dodging
 - Level 6.0 Stealth
 + Level 3.9 Spellcasting
 + Level 4.8 Hexes
 + Level 1.1 Ice Magic


You had 2 spell levels left.
You knew the following spells:

 Your Spells              Type           Power      Damage    Failure   Level
a - Ensorcelled Hibernat  Hex/Ice        24%        N/A       8%          2
b - Confusing Touch       Hex            18%        N/A       7%          3
c - Tukima's Dance        Hex            18%        N/A       7%          3

Your spell library contained the following spells:

 Spells                   Type           Power      Damage    Failure   Level
 Blink                    Tloc           6%         N/A       26%         2
 Dazzling Flash           Conj/Hex       20%        N/A       19%         3
 Manifold Assault         Tloc           3%         N/A       99%         5
 Storm Form               Tmut/Air       1%         N/A       100%        7


Dungeon Overview and Level Annotations

Branches:
Dungeon (5/15)             Temple (1/1) D:4

Altars:
Cheibriados
Gozag
Okawaru
Qazlal
Ru
Sif Muna
Uskayaw
Wu Jian
Xom
Yredelemnul
Zin

Annotations:
D:3 Sigmund
D:4 2 exclusions, Duvessa


Innate Abilities, Weirdness & Mutations

You are very small and have problems with some larger weapons.
You are too small for most types of armour.
You have supernaturally acute eyesight. (SInv)
You cover ground extremely quickly. (Speed+++)


Message History

Casting: Ensorcelled Hibernation (safe; 8% risk of failure)
Confirm with . or Enter, or press ? or * to list all spells.
You can't see any susceptible monsters within range! (Use Z to cast anyway.)
Things that are here:
4 gold pieces; a +0 dagger You hit the white imp.
The white imp is lightly wounded.
The white imp barely misses you.
You hit the white imp.
The white imp is heavily wounded.
The white imp gestures at you. The puff of frost hits you!
You hit the white imp but do no damage.
The white imp is heavily wounded.
The white imp summons a swarm of flies.
The white imp closely misses you.
You hit the white imp but do no damage.
The white imp is heavily wounded.
The white imp misses you.
You hit the white imp but do no damage.
The white imp is heavily wounded.
The white imp closely misses you.
You hit the white imp.
The white imp is heavily wounded.
The white imp closely misses you.
You hit the white imp.
The white imp is almost dead.
The white imp closely misses you.
You hit the white imp but do no damage.
The white imp is almost dead.
The white imp misses you.
You barely miss the white imp.
The white imp is almost dead.
The white imp gestures at you. The puff of frost hits you!
* * * LOW HITPOINT WARNING * * *
The white imp gestures at you. The puff of frost hits you!
You die...
Your body crumbles into a pile of gold.

#..#### #### #..... ....
#....# ###########
#.##...#######...##.....
#......##......#........
###5.##.#....#........
#...$.......###...####
####.#........).......##
#.......@....#.....#...##
#.....>....###..>..###...
#............#.....#...##
#...............).....##
############...###[..####
##...#...## #. ##..#..##
#. ##...## #. #### #.


You could see a white imp.

Vanquished Creatures
  A hound skeleton (D:4)
  3 gnolls (D:2)
  4 adders
  2 worms (D:3)
  A dart slug (D:4)
  4 bats
  5 endoplasms
  A giant cockroach (D:2)
  3 goblins
  4 hobgoblins
  2 jackals
  5 ball pythons
  A frilled lizard (D:1)
  A kobold (D:4)
  2 rats
39 creatures vanquished.

Vanquished Creatures (others)
  5 fungi (D:2)
  23 plants (D:2)
28 creatures vanquished.

Grand Total: 67 creatures vanquished

Notes
Turn   | Place    | Note
-------+----------+-------------------------------------------
     0 | D:1      | EWolf27 the Spriggan Enchanter began the quest for the Orb.
     0 | D:1      | Reached XP level 1. HP: 9/9 MP: 5/5
  1127 | D:2      | Reached XP level 2. HP: 13/13 MP: 6/6
  1130 | D:2      | Learned a level 2 spell: Ensorcelled Hibernation
  1644 | D:2      | Reached XP level 3. HP: 16/16 MP: 8/8
  1658 | D:1      | Reached skill level 5 in Stealth
  2765 | D:2      | Reached XP level 4. HP: 21/21 MP: 5/10
  3002 | D:2      | Found a faded altar of an unknown god.
  3276 | D:3      | Noticed Sigmund
  4561 | D:4      | Learned a level 3 spell: Confusing Touch
  4565 | D:4      | Learned a level 3 spell: Tukima's Dance
  4680 | D:4      | Found a staircase to the Ecumenical Temple.
  4684 | D:4      | Identified the +0 leather armour "Ytelyt" {rC+ Stlth+}
  4699 | Temple   | Entered the Ecumenical Temple
  4987 | Temple   | Became a worshipper of Gozag Ym Sagoz the Greedy
  5047 | D:4      | Found a stormy altar of Qazlal.
  5081 | D:5      | Entered Level 5 of the Dungeon
  5099 | D:4      | Reached skill level 6 in Stealth
  5099 | D:4      | Reached skill level 1 in Ice Magic
  5102 | D:4      | Noticed Duvessa
  5103 | D:4      | Noticed a scorpion
  5413 | D:4      | Killed from afar by a white imp

Illustrated notes

Levels and vault maps discovered:
D:1:      lightli_arrival_isolated_outpost, layout_rooms
D:2:      layout_rooms, dreamdust_ecumenical_altar_hidden_monk_grotto,
          nicolae_grassy_gnolls
D:3:      layout_basic, serial_rivers, chequers_serial_rivers_small_3,
          chequers_serial_rivers_small_a, chequers_serial_rivers_marsh,
          chequers_serial_rivers_micro_d, uniq_sigmund
D:4:      layout_basic, nicolae_qazlal_scattered_showers,
          minmay_temple_entry_tees, uniq_duvessa
D:5:      layout_basic, serial_shops, shop
Temple:   dpeg_chambers_temple

Skill      XL: |  1  2  3  4 |
---------------+-------------+-----
Hexes          | 4 |  4.8
Spellcasting   | 3 |  3.9
Stealth        | 5 6 |  6.0
Ice Magic      | 1 |  1.1
Short Blades   | |  1.1
Dodging        | |  2.6

Action                   |  1- 3 |  4- 6 || total
-------------------------+-------+-------++-------
Melee: Dagger            |    90 |    55 ||   145
Throw: Dart              |     6 |    10 ||    16
 Cast: Ensorcelled Hiber |    22 |    18 ||    40
 Stab: Sleeping          |    14 |    14 ||    28
Armor: Robe              |    14 |     8 ||    22
Dodge: Dodged            |    86 |    31 ||   117

Table legend: (Time is in decaauts)
 A = Elapsed time spent in this place.
 B = Non-inter-level travel time spent in this place.
 C = Inter-level travel time spent in this place.
 D = Time resting spent in this place.
 E = Time spent auto-exploring this place.
 F = Levels seen in this place.
 G = Mean time per level.
                   A        B        C        D        E       F      G
               +--------+--------+--------+--------+--------+-----+--------+
         Total |   4025 |   3951 |     74 |   1452 |    810 |   6 |  670.8 |
       Dungeon |   3829 |   3762 |     67 |   1446 |    672 |   5 |  765.8 |
        Temple |    195 |    188 |      7 |      6 |    137 |   1 |  195.0 |
               +--------+--------+--------+--------+--------+-----+--------+

Top non-repeatable levels by time:
     D:1: 1207 daAuts
     D:2: 1056 daAuts
     D:3: 1028 daAuts
     D:4: 528 daAuts
  Temple: 195 daAuts
     D:5: 7 daAuts
